 Dungeon Crawl Stone Soup version 0.28-a0-595-g9f6c0e134a (webtiles) character file.

Game seed: 1956621908705610397

672 robertstho the Magician (level 7, 0/45 HPs)
             Began as a Djinni Fire Elementalist on Oct 4, 2021.
             Slain by a water moccasin (5 damage)
             ... on level 5 of the Dungeon.
             The game lasted 00:06:34 (6875 turns).

robertstho the Magician (Djinni Fire Elementalist)  Turns: 6875, Time: 00:06:34

Health: 0/45       AC:  2    Str:  7    XL:     7   Next: 90%
Gold:   163        EV: 12    Int: 19    God:
                   SH:  5    Dex: 13

rFire   + + .      SeeInvis .   e - +4 dagger
rCold   . . .      Faith    .   (no shield)
rNeg    . . .      Spirit   .   g - +0 robe {rC+}
rPois   ∞          Reflect  +   (no helmet)
rElec   .          Harm     .   (no cloak)
rCorr   .          Rampage  .   (no gloves)
Will    .....                   (boots unavailable)
Stlth   ++........              k - amulet of reflection
HPRegen 0.15/turn               (no ring)
MPRegen 0.00/turn               (no ring)

@: about to teleport, flying, very slightly contaminated
A: sickness immunity, fire resistance 2, cold vulnerability 1, float, innate
caster, hp casting, extra vitality 1
a: no special abilities


You were on level 5 of the Dungeon.
You visited 1 branch of the dungeon, and saw 5 of its levels.

You collected 223 gold pieces.
You spent 60 gold pieces at shops.

Inventory:

Hand Weapons
 e - a +4 dagger (weapon)
 m - a +0 dagger of speed
Armour
 g - a +0 robe of cold resistance (worn)
Jewellery
 k - an amulet of reflection (around neck)
 n - a ring of wizardry
Wands
 s - a wand of acid (13)
Scrolls
 a - a scroll of fog {unknown}
 b - a scroll of teleportation
 c - 5 scrolls of identify {unknown}
 o - a scroll of brand weapon {unknown}
Potions
 d - a potion of heal wounds
 f - 2 potions of degeneration {unknown}
 h - a potion of might {unknown}
 i - a potion of invisibility {unknown}
 j - a potion of lignification {unknown}
 l - 3 potions of ambrosia {unknown}
 p - 5 potions of curing {unknown}
 q - a potion of attraction {unknown}
 r - 2 potions of mutation {unknown}


   Skills:
 + Level 0.1 Fighting
 + Level 3.0 Dodging
 + Level 2.5 Stealth
 + Level 0.2 Shields
 + Level 6.2 Spellcasting


You couldn't memorise any spells.
You knew the following spells:

 Your Spells              Type           Power      Damage    Failure   Level
a - Foxfire               Conj/Fire      100%       2x1d9     1%          1
b - Scorch                Fire           58%        2d7       1%          2
c - Conjure Flame         Conj/Fire      29%        6-21      2%          3
d - Inner Flame           Hex/Fire       29%        N/A       2%          3
e - Flame Wave            Conj/Fire      29%        3d7       9%          4
f - Apportation           Tloc           58%        N/A       1%          1
g - Poisonous Vapours     Pois/Air       58%        N/A       1%          2
h - Ignite Poison         Fire/Tmut/Pois 29%        N/A       2%          3
Your spell library was empty.

Dungeon Overview and Level Annotations

Branches:
Dungeon (5/15)
 Temple: D:4-7

Altars:
Wu Jian
Yredelemnul

Shops:
D:2 !


Innate Abilities, Weirdness & Mutations

You are immune to sickness and miasma.
You are immune to poison.
Your flesh is very heat resistant. (rF++)
You are vulnerable to cold. (rC-)
You float through the air rather than walking.
You learn spells naturally, not from books.
Your magical power is your life essence.
You have superior vitality. (+4 HP)


Message History

You miscast Scorch.
You are very lightly contaminated with residual magic.
Nothing appears to happen.
The orc priest barely misses you.
Casting: Scorch (safe; 1% risk of failure)
Confirm with . or Enter, or press ? or * to list all spells.
Flames lash the orc priest.
The orc priest is burned terribly!
You kill the orc priest!
The orc hits you with a +0 club.
Casting: Scorch (safe; 1% risk of failure)
Confirm with . or Enter, or press ? or * to list all spells.
Flames lash the orc.
The orc is almost dead.
The orc's fire resistance burns away.
The water moccasin bites you.
* * * LOW HITPOINT WARNING * * *
The orc hits you with a +0 club.
* * * LOW HITPOINT WARNING * * *
Casting: Scorch (safe; 1% risk of failure)
Confirm with . or Enter, or press ? or * to list all spells.
You miscast Scorch.
Nothing appears to happen.
* * * LOW HITPOINT WARNING * * *
The water moccasin barely misses you. You block the orc's attack.
Unknown command.
Casting: Scorch (safe; 1% risk of failure)
Confirm with . or Enter, or press ? or * to list all spells.
Flames lash the orc.
The orc is burned terribly!
You kill the orc!
* * * LOW HITPOINT WARNING * * *
You block the water moccasin's attack. x2
Unknown command.
Casting: Scorch (safe; 1% risk of failure)
Confirm with . or Enter, or press ? or * to list all spells.
Flames lash the water moccasin.
The water moccasin is lightly wounded.
The water moccasin's fire resistance burns away.
* * * LOW HITPOINT WARNING * * *
You block the water moccasin's attack.
As you read the scroll of teleportation, it crumbles to dust.
You feel strangely unstable. The water moccasin misses you.
The water moccasin bites you.
You die...

##### #°.°#
#.....##._.#
#.....##°.°#
##.....##...#
......##°)°#
..... #)).# ...
###@###
#.###...S.#..
#.#............
##.#.#.....#....
####....###+###
... #.....### ..
#.###.# . #.#
#.# ##.# #.#


You could see a water moccasin (combustible).

Vanquished Creatures
  Sigmund (D:4)
  A phantom (D:5)
  A scorpion (D:4)
  A bullfrog zombie (D:4)
  A hound (D:5)
  An orc priest (D:5)
  2 bullfrog skeletons
  2 orc wizards
  4 gnolls (D:2)
  5 adders
  An adder skeleton (D:5)
  A worm (D:4)
  7 orcs
  6 bats
  11 endoplasms
  2 giant cockroaches
  5 goblins
  11 hobgoblins
  8 jackals
  4 quokkas
  6 ball pythons
  4 frilled lizards
  5 kobolds
  7 rats
97 creatures vanquished.

Vanquished Creatures (others)
  An orc (D:5)
  184 foxfires
185 creatures vanquished.

Grand Total: 282 creatures vanquished

Notes
Turn   | Place    | Note
-------+----------+-------------------------------------------
     0 | D:1      | robertstho the Djinni Fire Elementalist began the quest for
                  | the Orb.
     0 | D:1      | Reached XP level 1. HP: 15/15 MP: 0/0
   531 | D:1      | Reached XP level 2. HP: 20/21 MP: 0/0
   994 | D:1      | Reached skill level 3 in Spellcasting
  1174 | D:1      | Reached XP level 3. HP: 20/25 MP: 0/0
  1174 | D:1      | Learned a level 1 spell: Apportation
  2352 | D:2      | Reached XP level 4. HP: 27/31 MP: 0/0
  2686 | D:2      | Reached skill level 4 in Spellcasting
  2998 | D:2      | Reached XP level 5. HP: 32/35 MP: 0/0
  2998 | D:2      | Learned a level 2 spell: Poisonous Vapours
  3091 | D:2      | Found Yghe Die's Distillery.
  3097 | D:2      | Bought a potion of heal wounds for 60 gold pieces
  3617 | D:3      | Found a faded altar of an unknown god.
  5049 | D:4      | Reached XP level 6. HP: 31/40 MP: 0/0
  5378 | D:4      | Noticed Sigmund
  5384 | D:4      | Killed Sigmund
  5385 | D:4      | Reached skill level 5 in Spellcasting
  5385 | D:4      | Reached XP level 7. HP: 36/45 MP: 0/0
  5385 | D:4      | Learned a level 3 spell: Ignite Poison
  6111 | D:4      | Found an ornate altar of the Wu Jian Council.
  6435 | D:5      | Entered Level 5 of the Dungeon
  6589 | D:5      | Reached skill level 6 in Spellcasting
  6864 | D:5      | Found a basalt altar of Yredelemnul.
  6865 | D:5      | Noticed a water moccasin
  6875 | D:5      | Slain by a water moccasin

Illustrated notes

Levels and vault maps discovered:
D:1:      minmay_arrival_four_houses, layout_loops_ring
D:2:      layout_basic, serial_shops, shop
D:3:      minmay_angry_zag, layout_basic, hellmonk_ecumenical_altar_slurped_away
D:4:      layout_layer_cave, nicolae_wu_jian_immortal_techniques, uniq_sigmund
D:5:      minmay_clustersquares, layout_rooms, grunt_temple_overflow_holy_war,
          uniq_duvessa, uniq_eustachio

Skill      XL: |  1  2  3  4  5  6  7 |
---------------+----------------------+-----
Spellcasting   | 3 4 5 6 |  6.2
Stealth        | 2 |  2.5
Dodging        | 3 |  3.0
Fighting       | |  0.1
Shields        | |  0.2

Action                   |  1- 3 |  4- 6 |  7- 9 || total
-------------------------+-------+-------+-------++-------
Melee: Short sword       |     1 |       |       ||     1
       Dagger            |       |     5 |       ||     5
 Cast: Foxfire           |    68 |    52 |       ||   120
       Scorch            |    14 |    58 |    32 ||   104
  Use: Scroll            |     2 |       |     1 ||     3
Armor: Robe              |     3 |     1 |     1 ||     5
Dodge: Dodged            |     8 |    13 |     7 ||    28
Block: Other             |       |     3 |     7 ||    10

Table legend: (Time is in decaauts)
 A = Elapsed time spent in this place.
 B = Non-inter-level travel time spent in this place.
 C = Inter-level travel time spent in this place.
 D = Time resting spent in this place.
 E = Time spent auto-exploring this place.
 F = Levels seen in this place.
 G = Mean time per level.
                   A        B        C        D        E       F      G
               +--------+--------+--------+--------+--------+-----+--------+
         Total |   6873 |   6643 |    230 |      0 |   6096 |   5 | 1374.6 |
       Dungeon |   6873 |   6643 |    230 |      0 |   6096 |   5 | 1374.6 |
               +--------+--------+--------+--------+--------+-----+--------+

Top non-repeatable levels by time:
     D:1: 1833 daAuts
     D:2: 1704 daAuts
     D:4: 1609 daAuts
     D:3: 1285 daAuts
     D:5: 439 daAuts
